 Dungeon Crawl Stone Soup version 0.31-a0-818-ge7c7cf74f0 (webtiles) character file.

Game seed: 12314674985869959529

32 Essalna the Conjurer (level 3, 0/24 HPs)
             Began as a Demonspawn Conjurer on Sept 23, 2023.
             Slain by a bat (1 damage)
             ... on level 2 of the Dungeon.
             The game lasted 00:02:03 (1245 turns).

Essalna the Conjurer (Demonspawn Conjurer)          Turns: 1245, Time: 00:02:03

Health: 0/24       AC:  0    Str:  7    XL:     3   Next: 8%
Magic:  7/7        EV: 14    Int: 21    God:
Gold:   7          SH:  0    Dex: 11    Spells: 4/7 levels left

rFire   . . .        f - melded +0 dagger
rCold   . . .        (shield currently unavailable)
rNeg    . . .        a - melded +0 robe
rPois   .            (helmet currently unavailable)
rElec   .            (cloak currently unavailable)
rCorr   .            (gloves currently unavailable)
SInv    .            (boots currently unavailable)
Will    .....        (no amulet)
Stlth   ++           (ring currently unavailable)
HPRegen 0.24/turn    (ring currently unavailable)
MPRegen 0.10/turn

%: no passive effects
@: pig-form (expiring), very quick
A: fast, no casting, small, (sturdy frame 1)
a: no special abilities


You were on level 2 of the Dungeon.
You were a filthy swine.
You visited 1 branch of the dungeon, and saw 2 of its levels.

You collected 7 gold pieces.

Inventory:

Hand Weapons
 f - a +0 dagger (melded)
Armour
 a - a +0 robe (melded)
Scrolls
 c - a scroll of fog {unknown}
 g - a scroll of revelation {unknown}
 h - a scroll of enchant weapon {unknown}
Potions
 b - a potion of magic
 d - a potion of degeneration {unknown}
 e - a potion of lignification {unknown}


   Skills:
 - Level 1.7 Dodging
 - Level 1.7 Stealth
 + Level 2.7 Spellcasting
 + Level 4.5 Conjurations


You had 4 spell levels left.
You knew the following spells:

 Your Spells              Type           Power      Damage    Failure   Level
a - Magic Dart            Conj           88%        1d7       2%          1
b - Searing Ray           Conj           44%        2d6       3%          2

Your spell library contained the following spells:

 Spells                   Type           Power      Damage    Failure   Level
 Dazzling Flash           Conj/Hex       24%        N/A       16%         3
 Fulminant Prism          Conj/Hex       6%         3d6       47%         4
 Iskenderun's Mystic Bla  Conj/Tloc      12%        2d5       47%         4


Dungeon Overview and Level Annotations

Branches:
Dungeon (2/15)

Altars:

Annotations:
D:2 Terence


Innate Abilities, Weirdness & Mutations

You are a filthy swine.
You move quickly.
Your equipment is almost entirely melded.
You are incapable of wielding weapons or throwing items.
You cannot cast spells.
((Your movements are slightly less encumbered by armour. (ER -2)))


Message History

You touch the endoplasm.
You kill the endoplasm!
Terence completely misses you. Terence attacks as he pursues you!
Terence misses you.
You touch Terence but do no damage.
Terence is severely wounded.
Terence misses you.
You touch Terence.
Terence is severely wounded.
You condense into your normal self.
Your +0 dagger unmelds from your body.
Your +0 robe unmelds from your body.
Terence barely misses you.
You completely miss Terence.
Terence is severely wounded.
Terence hits you with a +0 morningstar.
* * * LOW HITPOINT WARNING * * *
You hit Terence but do no damage.
Terence is severely wounded.
Terence zaps a wand.
You turn into a filthy swine.
Your +0 dagger melds into your body.
Your +0 robe melds into your body.
You hit Terence but do no damage.
Terence is severely wounded.
Terence barely misses you. Terence barely misses you.
You see here a +0 ring mail.
A rat and a bat come into view.
Found a dagger.
The bat hits you.
* * * LOW HITPOINT WARNING * * *
The bat barely misses you. The bat barely misses you.
Your transformation is almost over.
You closely miss the bat. The bat barely misses you. The bat hits you.
* * * LOW HITPOINT WARNING * * *
You barely miss the bat. The bat closely misses you.
Terence hits you with a +0 morningstar.
* * * LOW HITPOINT WARNING * * *
The bat hits you.
You die...

#...#.##.##..#
.............#
.........###.###
#........#
#[#.##.#.#
#.#.##.#.#
#.#....#.#
#.#..#.#b#
#.#..#.#h##
#......@..#
###.#####.# #.#
#.# #.# #.# #.#
#.# #.# #.# #r.
..# .). ###


You could see Terence and a bat.

Vanquished Creatures
  2 endoplasms
  A giant cockroach (D:1)
  2 goblins (D:1)
  2 hobgoblins (D:1)
  8 jackals (D:1)
  3 kobolds (D:1)
  2 quokkas (D:1)
  2 ball pythons (D:1)
  3 frilled lizards (D:1)
  2 rats (D:1)
27 creatures vanquished.

Notes
Turn   | Place    | Note
-------+----------+-------------------------------------------
     0 | D:1      | Essalna the Demonspawn Conjurer began the quest for the
                  | Orb.
     0 | D:1      | Reached XP level 1. HP: 13/13 MP: 3/3
   367 | D:1      | Gained mutation: Your movements are slightly less
                  | encumbered by armour. (ER -2) [demonic ancestry]
   367 | D:1      | Reached XP level 2. HP: 19/19 MP: 1/5
   977 | D:1      | Reached XP level 3. HP: 24/24 MP: 2/7
  1192 | D:2      | Noticed Terence
  1198 | D:2      | Learned a level 2 spell: Searing Ray
  1244 | D:2      | HP: 1/24 [Terence/+0 morningstar (3)]
  1245 | D:2      | Slain by a bat

Illustrated notes

Levels and vault maps discovered:
D:1:      ncdulo_watergridlock, layout_loops_ring
D:2:      layout_loops_cross, dilly_ecumenical_altar_fadedgnrine, uniq_terence

Action                     || total
---------------------------++-------
  Melee: Unarmed           ||    20
         Dagger            ||    18
   Cast: Magic Dart        ||    48
         Searing Ray       ||     1
 Armour: Robe              ||    18
         Skin              ||     6
  Dodge: Dodged            ||    47

Table legend: (Time is in decaauts)
 A = Elapsed time spent in this place.
 B = Non-inter-level travel time spent in this place.
 C = Inter-level travel time spent in this place.
 D = Time resting spent in this place.
 E = Time spent auto-exploring this place.
 F = Levels seen in this place.
 G = Mean time per level.
                   A        B        C        D        E       F      G
               +--------+--------+--------+--------+--------+-----+--------+
         Total |   1239 |   1218 |     21 |      0 |   1038 |   2 |  619.5 |
       Dungeon |   1239 |   1218 |     21 |      0 |   1038 |   2 |  619.5 |
               +--------+--------+--------+--------+--------+-----+--------+

Top non-repeatable levels by time:
     D:1: 1188 daAuts
     D:2: 51 daAuts
